 Dungeon Crawl Stone Soup version 0.31-a0-851-g7ff8af7976 (webtiles) character file.

Game seed: 18295573096115476875

105398 AncientFaroe the Wrestler (level 15, -27/154 HPs)
             Began as a Troll Chaos Knight on Oct 6, 2023.
             Was the Champion of Zin.
             Killed from afar by a hell knight (35 damage)
             ... with a bolt of fire
             ... on level 1 of the Depths.
             The game lasted 01:26:28 (19037 turns).

AncientFaroe the Wrestler (Troll Chaos Knight)     Turns: 19037, Time: 01:26:29

Health: -27/154    AC: 14    Str: 21    XL:     15   Next: 94%
Magic:  14/14      EV: 15    Int: 15    God:    Zin [******]
Gold:   1272       SH:  4    Dex: 17    Spells: 13/14 levels left

rFire   . .          .
                       - Unarmed
rCold   + + .        (no shield)
rNeg    . . .        n - +2 robe {rC+}
rPois   .            K - +2 hat
rElec   .            (no cloak)
rCorr   .            (gloves unavailable)
SInv    .            (boots unavailable)
Will    ++...        c - amulet of regeneration
Stlth   +++          e - ring of protection from cold
HPRegen 2.05/turn    L - +4 ring of protection
MPRegen 0.14/turn

%: clarity
@: studying Staves
A: large, unfitting armour, claws 3, regeneration 1, shaggy fur 1, tough skin 1,
talons 1, iridescent scales 1, large bone plates 1, agile 1, clarity, clever 2,
strong-willed 1, passive freeze, robust 1, sturdy frame 1
a: Renounce Religion, Recite, Vitalisation, Imprison, Sanctuary, Donate Gold


You were on level 1 of the Depths.
You worshipped Zin.
Zin was exalted by your worship.
You visited 3 branches of the dungeon, and saw 21 of its levels.
You also visited: Ossuary.

You collected 1413 gold pieces.
You donated 141 gold pieces to Zin.

Inventory:

Hand Weapons
 S - a +0 mace
Missiles
 v - 7 throwing nets
Armour
 n - a +2 robe of cold resistance (worn)
 K - a +2 hat (worn)
Jewellery
 c - an amulet of regeneration (around neck)
 e - a ring of protection from cold (left claw)
 q - a +6 ring of intelligence
 w - an amulet of guardian spirit
 D - a ring of protection from cold
 J - a ring of willpower
 L - a +4 ring of protection (right claw)
 V - the amulet "Iqesel" {RegenMP rN+}
   (You found it on level 15 of the Dungeon)

   [amulet of magic regeneration]

   RegenMP:   It increases your rate of magic regeneration.
   rN+:       It protects you from negative energy.
Wands
 d - a wand of mindburst (16)
 x - a wand of polymorph (7)
 y - a wand of roots (17)
 B - a wand of paralysis (21)
 C - a wand of flame (24)
 M - a wand of digging (7)
 O - a wand of quicksilver (12)
Scrolls
 b - a scroll of butterflies
 f - 7 scrolls of teleportation
 i - 3 scrolls of revelation
 k - 2 scrolls of enchant armour
 s - 3 scrolls of fear {unknown}
 u - 2 scrolls of enchant weapon
 H - 2 scrolls of fog {unknown}
 I - 3 scrolls of amnesia
 P - 3 scrolls of poison
 R - a scroll of immolation {unknown}
Potions
 a - 3 potions of brilliance
 g - 9 potions of curing
 h - 3 potions of haste
 j - 4 potions of enlightenment
 l - 3 potions of attraction
 p - 3 potions of invisibility
 r - 7 potions of might
 t - 3 potions of resistance
 z - a potion of magic {unknown}
 A - a potion of berserk rage {unknown}
 E - a potion of cancellation {unknown}
 T - a potion of mutation {unknown}
Miscellaneous
 N - a phial of floods


   Skills:
 + Level 7.4 Fighting
 + Level 10.2 Dodging
 + Level 5.8 Stealth
 + Level 7.2 Shields
 + Level 21.9 Unarmed Combat
 + Level 0.2 Spellcasting
 + Level 0.7 Hexes
 + Level 0.6 Invocations


You had 13 spell levels left.
You knew the following spells:

 Your Spells              Type           Power      Damage    Failure   Level
a - Slow                  Hex            8%         N/A       21%         1

Your spell library contained the following spells:

 Spells                   Type           Power      Damage    Failure   Level
 Foxfire                  Conj/Fire      0%         2x1d4     26%         1
 Summon Small Mammal      Summ           0%         N/A       26%         1
 Confusing Touch          Hex            2%         N/A       52%         3
 Sigil of Binding         Hex            2%         N/A       52%         3
 Summon Guardian Golem    Hex/Summ       1%         N/A       56%         3
 Call Canine Familiar     Summ           0%         N/A       63%         3
 Vampiric Draining        Necr           0%         2d6       63%         3
 Dimensional Bullseye     Hex/Tloc       0%         N/A       92%         4
 Leda's Liquefaction      Hex/Erth       0%         N/A       92%         4
 Vhi's Electric Charge    Tloc/Air       0%         N/A       95%         4
 Arcjolt                  Conj/Air       0%         1d10      100%        5
 Plasma Beam              Fire/Air       0%         2x1d10    100%        6
 Starburst                Conj/Fire      0%         6d3       100%        6
 Chain Lightning          Conj/Air       0%         N/A       100%        9
 Fire Storm               Conj/Fire      0%         5d1       100%        9
 Shatter                  Erth           0%         3d5*      100%        9


Dungeon Overview and Level Annotations

Branches:
Dungeon (15/15)            Temple (0/1) D:6            Lair (5/5) D:9
 Shoals (0/4) Lair:3        Snake (0/4) Lair:2        Slime (0/5) Lair:4
    Orc (0/2) D:12         Vaults (0/5) D:14         Depths (1/4) D:15
Ossuary (visited)

Altars:
Cheibriados
Dithmenos
Elyvilon
Fedhas
Gozag
Hepliaklqana
Kikubaaqudgha
Makhleb
Nemelex Xobeh
Ru
Sif Muna
Uskayaw
Vehumet
Wu Jian
Zin
Jiyva

Shops:
D:7 [   D:9 *   D:13 *   D:15 *

Portals:
Ziggurat: Depths:1

Annotations:
D:3 Ijyb
D:7 exclusion: statue
D:11 3 runed translucent doors, kae's ghost, journeyman HOFi


Innate Abilities, Weirdness & Mutations

You are too large for most types of armour.
You have claws for hands.
Your natural rate of healing is unusually fast.
You are covered in fur. (AC +1)
You have tough skin. (AC +1)
You have sharp toenails.
You are partially covered in iridescent scales. (AC +2)
You are partially covered in large bone plates. (SH +4)
You are agile. (Dex +4, Str/Int -1)
You possess an exceptional clarity of mind.
Your mind is very acute. (Int +8, Str/Dex -2)
You are strong-willed. (Will+)
A frigid envelope surrounds you and freezes all who hurt you.
You are robust. (+10% HP)
Your movements are slightly less encumbered by armour. (ER -2)


Message History

The hell knight prays to its god.
The hell knight seems to speed up.
The hell knight attacks as it pursues you!
The hell knight hits you with a +5 long sword of distortion!!
* * * LOW HITPOINT WARNING * * *
The hell knight is very cold.
The hell knight is lightly wounded.
You feel much better.
The hell knight hits you with a +5 long sword of distortion!!
* * * LOW HITPOINT WARNING * * *
Space warps around you.
* * * LOW HITPOINT WARNING * * *
The hell knight is very cold.
The hell knight is moderately wounded.
You block the hell knight's attack.
The hell knight mumbles some strange prayers to its god against you.
The bolt of fire misses you.
You feel better.
The hell knight hits you with a +3 great sword!
* * * LOW HITPOINT WARNING * * *
You block the hell knight's attack.
The hell knight hits you with a +3 great sword!
* * * LOW HITPOINT WARNING * * *
The hell knight is very cold.
The hell knight is severely wounded.
Blink to where?
Press: ? - help, Dir - move target
As you read the scroll of blinking, it crumbles to dust.
The hell knight mumbles some strange prayers to its god.
The hell knight blinks!
The hell knight invokes the aid of its god against you.
The bolt of fire hits you!!
* * * LOW HITPOINT WARNING * * *
The hell knight hits you with a +3 great sword.
* * * LOW HITPOINT WARNING * * *
The hell knight is very cold.
The hell knight is severely wounded.
The hell knight calls down the wrath of its god upon you.
The bolt of fire hits you!!
You die...

.#......#~⌠....⌠~#.....#...#.....
##.)....#~......~#.....#.........
#......#~......≈#..........§....
#......#~......~#.........).....
#......#~⌠....⌠~#...............
##......#........#...............
.#......(........................
.....................p...........
.#..............@.p..............
.#...............................
.................................
....................#............
##.##......####.#.###....#.#...##
##...##..####.....##....####...#
##.####...###.#.#......# #.####
#...# #....####.###.#.## ##.#
##.## ##..## #.##.#### ###


You could see 2 hell knights.

Vanquished Creatures
  Jorgrun (D:13)
  A fire giant (Depths:1)
  A frost giant (Depths:1)
  An ironbound preserver (D:14)
  3 very ugly things (Depths:1)
  A stone giant (Depths:1)
  A vampire knight (Depths:1)
  2 ice dragons (Depths:1)
  Harold (Lair:1)
  A rakshasa (Depths:1)
  4 hydras
  4 boulder beetles
  6 centaur warriors
  A catoblepas (Lair:4)
  A death knight (D:15)
  6 death yaks (Lair:4)
  A deep troll shaman (Depths:1)
  2 two-headed ogres
  2 tengu warriors
  A spriggan berserker (Depths:1)
  Urug (Lair:5)
  3 skysharks
  6 hell knights (Depths:1)
  12 skeletal warriors
  A goliath frog (Lair:5)
  A glowing orange brain (Depths:1)
  3 deep trolls (Depths:1)
  6 deep elf pyromancers
  A harpy (shapeshifter) (D:13)
  A wizard (D:15)
  4 necromancers
  A frost giant zombie (Depths:1)
  2 lindwurms
  3 cyclopes
  18 ugly things
  2 manticores
  2 orc sorcerers (D:15)
  A salamander (Lair:2)
  10 elephants
  8 black mambas
  A naga mage (D:15)
  A torpor snail (Lair:2)
  Psyche (D:9)
  21 cane toads
  3 rime drakes
  3 gargoyles
  A centaur skeleton (D:15)
  2 kobold demonologists
  An efreet (D:14)
  7 komodo dragons
  4 tengu conjurers
  2 freezing wraiths (D:15)
  6 meliai
  A merfolk (Lair:3)
  4 trolls
  A meliai (shapeshifter) (D:14)
  A hornet (Lair:1)
  A tyrant leech (Lair:5)
  23 blink frogs
  A hornet (shapeshifter) (D:13)
  A spriggan zombie (Depths:1)
  A harpy skeleton (D:15)
  13 dream sheep
  4 slime creatures (D:14)
  A shadow (D:11)
  3 wyverns
  2 centaur simulacra (D:15)
  5 wraiths
  4 hogs (D:10)
  A human (D:10)
  42 yaks
  2 basilisks
  A redback (shapeshifter) (D:15)
  12 vampire mosquitoes
  Edmund (D:6)
  A warg (D:12)
  10 water moccasins
  3 sky beasts
  4 orc warriors
  4 black bears
  A glowing shapeshifter skeleton (Depths:1)
  7 wolves
  4 ogres
  15 centaurs
  A phantom (D:6)
  A kobold brigand (D:7)
  Blork the orc (D:6)
  14 bullfrogs
  4 scorpions
  A killer bee (D:4)
  3 howler monkeys
  7 electric eels
  5 centaur zombies
  5 jellies
  A sleepcap (D:4)
  3 gnoll boudas
  A human zombie (Ossuary)
  2 hounds
  6 orc priests
  Jessica (D:3)
  4 orc wizards
  A boggart zombie (D:15)
  4 iguanas
  5 hell rats (Lair:4)
  An ogre zombie (Ossuary)
  7 mummies (Ossuary)
  9 gnolls
  13 adders
  A shadow imp (D:6)
  4 white imps
  An ufetubus (D:5)
  2 adder zombies (Ossuary)
  4 worms
  A dart slug (D:4)
  21 orcs
  6 endoplasms
  4 giant cockroaches
  8 goblins
  3 hobgoblins
  11 jackals
  5 quokkas
  12 ball pythons
  7 bats
  2 frilled lizards
  6 goblin zombies (Ossuary)
  5 hobgoblin zombies (Ossuary)
  19 kobolds
  5 kobold zombies (Ossuary)
  2 quokka zombies (Ossuary)
  4 rats
  4 rat zombies (Ossuary)
  A spectral hobgoblin (D:3)
592 creatures vanquished.

Vanquished Creatures (others)
  A two-headed ogre (D:9)
  A centaur (D:9)
2 creatures vanquished.

Grand Total: 594 creatures vanquished

Notes
Turn   | Place    | Note
-------+----------+-------------------------------------------
     0 | D:1      | AncientFaroe the Troll Chaos Knight began the quest for the
                  | Orb.
     0 | D:1      | Reached XP level 1. HP: 22/22 MP: 0/0
    72 | D:1      | XOM: silly message
   225 | D:1      | XOM: silly message
   425 | D:1      | Reached XP level 2. HP: 29/29 MP: 1/1
   469 | D:1      | XOM: silly message
   605 | D:1      | XOM: cast spell 'Leda's Liquefaction'
   666 | D:1      | XOM is BORED!
   858 | D:2      | XOM: divination: detect creatures
   872 | D:2      | Reached XP level 3. HP: 36/36 MP: 2/2
  1005 | D:2      | Reached skill level 4 in Unarmed Combat
  1023 | D:2      | Found a burning altar of Makhleb.
  1081 | D:2      | Reached XP level 4. HP: 45/45 MP: 3/3
  1102 | D:2      | You fall into a shaft and drop 1 floor!
  1250 | D:3      | XOM: 1-stop teleportation journey
  1396 | D:3      | Noticed Jessica
  1409 | D:3      | Killed Jessica
  1493 | D:3      | Found a faded altar of an unknown god.
  1614 | D:3      | Found an ornate altar of the Wu Jian Council.
  1925 | D:3      | XOM: enchant monster (good)
  1926 | D:3      | Reached XP level 5. HP: 53/53 MP: 4/4
  1926 | D:3      | XOM: silly message
  1927 | D:3      | Reached skill level 5 in Unarmed Combat
  1949 | D:3      | XOM: god gift: chain mail {god gift}
  2071 | D:3      | XOM: divination: detect creatures
  2138 | D:3      | XOM: silly message
  2182 | D:3      | Noticed Ijyb
  2187 | D:3      | Paralysed by Ijyb for 4 turns
  2295 | D:3      | XOM: give mutations
  2295 | D:3      | Gained mutation: You have sharp toenails. [Xom's grace]
  2295 | D:3      | Gained mutation: You are partially covered in large bone
                  | plates. (SH +4) [Xom's grace]
  2295 | D:3      | Gained mutation: You possess an exceptional clarity of
                  | mind. [Xom's grace]
  2338 | D:3      | XOM: give mutations
  2338 | D:3      | Gained mutation: You are strong-willed. (Will+) [Xom's
                  | grace]
  2338 | D:3      | Gained mutation: You are agile. (Dex +4, Str/Int -1) [Xom's
                  | grace]
  2338 | D:3      | Gained mutation: You have hidden genetic potential. [Xom's
                  | grace]
  2338 | D:3      | Gained mutation: Your mind is acute. (Int +4, Str/Dex -1)
                  | [Xom's grace]
  2350 | D:4      | Found Vienlewk's Antique Armour Shoppe.
  2388 | D:4      | Found a sand-covered staircase.
  2394 | Ossuary  | Entered an ossuary
  2525 | Ossuary  | Reached XP level 6. HP: 59/61 MP: 5/5
  2600 | Ossuary  | XOM: give mutation
  2600 | Ossuary  | Gained mutation: Your spells are a little harder to cast,
                  | but a little more powerful. [Xom's grace]
  2606 | Ossuary  | Reached skill level 6 in Unarmed Combat
  2607 | Ossuary  | Gained mutation: You are robust. (+10% HP) [hidden
                  | potential]
  2722 | Ossuary  | XOM: cleaving
  2880 | D:4      | Reached skill level 7 in Unarmed Combat
  2880 | D:4      | Reached XP level 7. HP: 66/73 MP: 6/6
  2917 | D:4      | XOM: enchant monster (good)
  2920 | D:4      | Gained mutation: You are partially covered in iridescent
                  | scales. (AC +2) [hidden potential]
  2920 | D:4      | Lost mutation: You have hidden genetic potential. [hidden
                  | potential expressed]
  2925 | D:4      | XOM: give mutations
  2925 | D:4      | Gained mutation: You heal very quickly. [Xom's grace]
  2925 | D:4      | Gained mutation: Your mind is very acute. (Int +8, Str/Dex
                  | -2) [Xom's grace]
  2925 | D:4      | Gained mutation: Your muscles are strong. (Str +4, Int/Dex
                  | -1) [Xom's grace]
  2974 | D:4      | XOM: snakes to sticks
  2978 | D:4      | Reached skill level 8 in Unarmed Combat
  2981 | D:4      | XOM: scenery: summon butterflies
  2983 | D:4      | Reached skill level 1 in Stealth
  2988 | D:4      | XOM: silly message
  3005 | D:4      | Reached XP level 8. HP: 82/82 MP: 7/7
  3073 | D:4      | Reached skill level 1 in Shields
  3351 | D:4      | Found a snail-covered altar of Cheibriados.
  3408 | D:4      | XOM: cloud trail
  3442 | D:4      | Found a burning altar of Makhleb.
  3573 | D:5      | Entered Level 5 of the Dungeon
  3699 | D:5      | XOM: god gift: shiny ring mail {god gift}
  3740 | D:5      | Found a blossoming altar of Fedhas.
  3872 | D:5      | Found a sacrificial altar of Ru.
  4064 | D:6      | Found a staircase to the Ecumenical Temple.
  4070 | D:6      | Reached skill level 9 in Unarmed Combat
  4121 | D:6      | Noticed Blork the orc
  4122 | D:6      | Found a shadowy altar of Dithmenos.
  4124 | D:6      | Killed Blork the orc
  4143 | D:6      | Noticed Edmund
  4145 | D:6      | XOM: summons 2 friendly demons
  4156 | D:6      | Killed Edmund
  4160 | D:6      | XOM: 3-stop teleportation journey
  4456 | D:6      | Found a hazy altar of Hepliaklqana.
  4627 | D:6      | Reached XP level 9. HP: 50/92 MP: 8/8
  4904 | D:6      | XOM: give mutations
  4904 | D:6      | Gained mutation: Your movements are slightly less
                  | encumbered by armour. (ER -2) [Xom's grace]
  4904 | D:6      | Gained mutation: A frigid envelope surrounds you and
                  | freezes all who hurt you. [Xom's grace]
  4936 | D:7      | XOM: divination: detect items
  4940 | D:7      | Reached skill level 10 in Unarmed Combat
  4987 | D:7      | Found Nyeddext's Antique Armour Boutique.
  5011 | D:7      | XOM: god gift: pair of embroidered boots {god gift}
  5092 | D:7      | Found a radiant altar of Vehumet.
  5102 | D:7      | XOM: 1-stop teleportation journey
  5255 | D:7      | XOM: give mutation
  5255 | D:7      | Lost mutation: Your spells are a little harder to cast, but
                  | a little more powerful. [Xom's mischief]
  5378 | D:7      | Found a glowing silver altar of Zin.
  5378 | D:7      | Noticed an angel
  5388 | D:7      | Fell from the grace of Xom
  5388 | D:7      | Became a worshipper of Zin the Law-Giver
  5388 | D:7      | Reached * piety under Zin
  5462 | D:8      | Reached ** piety under Zin
  5516 | D:8      | Found an ancient bone altar of Kikubaaqudgha.
  5555 | D:8      | Found a white marble altar of Elyvilon.
  5560 | D:8      | XOM: give mutations
  5560 | D:8      | Lost mutation: Your muscles are strong. (Str +4, Int/Dex
                  | -1) [Xom's mischief]
  5820 | D:8      | Found a sparkling altar of Nemelex Xobeh.
  6037 | D:9      | XOM: give mutation
  6037 | D:9      | Lost mutation: You heal very quickly. [Xom's mischief]
  6064 | D:9      | Found Jegg's General Store.
  6065 | D:9      | Found a shimmering blue altar of Sif Muna.
  6101 | D:9      | Noticed a troll
  6112 | D:9      | Killed a troll
  6113 | D:9      | Reached skill level 11 in Unarmed Combat
  6138 | D:9      | Noticed a two-headed ogre
  6139 | D:9      | Noticed Psyche
  6141 | D:9      | Found a hide-covered altar of Uskayaw.
  6147 | D:9      | Killed a two-headed ogre
  6148 | D:9      | Reached skill level 5 in Dodging
  6148 | D:9      | Reached XP level 10. HP: 49/103 MP: 9/9
  6156 | D:9      | Killed Psyche
  6253 | D:9      | Reached *** piety under Zin
  6328 | D:9      | Learned a level 1 spell: Slow
  6435 | D:9      | Found a staircase to the Lair.
  6480 | D:9      | Reached skill level 12 in Unarmed Combat
  6728 | Lair:1   | Entered Level 1 of the Lair of Beasts
  6743 | Lair:1   | Noticed Harold
  6754 | Lair:1   | Killed Harold
  6873 | Lair:1   | HP: 5/103 [electric eel/bolt of electricity (8)]
  6953 | Lair:1   | Noticed a black mamba
  6962 | Lair:1   | Killed a black mamba
  6973 | Lair:1   | Noticed a cane toad
  6973 | Lair:1   | Noticed a cane toad
  6973 | Lair:1   | XOM: 1-stop teleportation journey
  6980 | Lair:1   | Killed a cane toad
  6985 | Lair:1   | Killed a cane toad
  7029 | Lair:1   | Noticed a cane toad
  7029 | Lair:1   | XOM: 1-stop teleportation journey
  7034 | Lair:1   | Killed a cane toad
  7063 | Lair:1   | Identified the +6 sling of the Nexus {heavy, rElec Int+3}
  7208 | Lair:1   | Noticed an elephant
  7208 | Lair:1   | Noticed an elephant
  7211 | Lair:1   | Noticed an elephant
  7220 | Lair:1   | Killed an elephant
  7224 | Lair:1   | Killed an elephant
  7225 | Lair:1   | Reached skill level 13 in Unarmed Combat
  7229 | Lair:1   | Killed an elephant
  7230 | Lair:1   | Reached XP level 11. HP: 98/111 MP: 10/10
  7326 | Lair:1   | Identified the +1 leather armour of Fawaddi {-Tele rCorr
                  | Str+3 SInv}
  7352 | Lair:1   | Reached skill level 5 in Fighting
  7401 | Lair:1   | Paralysed by a hornet for 2 turns
  7552 | Lair:1   | Identified the +4 chain mail of Pride {rF+ rC+ Will-}
  7575 | Lair:2   | Reached **** piety under Zin
  7946 | Lair:2   | XOM: silly message
  8073 | Lair:2   | Reached skill level 14 in Unarmed Combat
  8076 | Lair:2   | XOM: silly message
  8166 | Lair:2   | XOM: silly message
  8183 | Lair:2   | XOM: silly message
  8303 | Lair:2   | XOM: noise
  8455 | Lair:2   | Noticed a skyshark
  8462 | Lair:2   | Killed a skyshark
  8584 | Lair:2   | Found a staircase to the Snake Pit.
  8918 | Lair:3   | Noticed a lindwurm
  8924 | Lair:3   | Killed a lindwurm
  8985 | Lair:3   | Reached skill level 5 in Shields
  8985 | Lair:3   | Reached XP level 12. HP: 116/122 MP: 11/11
  9021 | Lair:3   | Reached skill level 15 in Unarmed Combat
  9097 | Lair:3   | XOM: 2-stop teleportation journey
  9155 | Lair:3   | XOM: noise
  9277 | Lair:3   | Noticed a four-headed hydra
  9290 | Lair:3   | XOM: noise
  9301 | Lair:3   | Killed a six-headed hydra
  9458 | Lair:3   | XOM: noise
  9480 | Lair:3   | XOM: noise
  9658 | Lair:3   | Reached ***** piety under Zin
  9702 | Lair:3   | Found a staircase to the Shoals.
  9944 | Lair:4   | XOM: noise
  9986 | Lair:4   | Noticed a death yak
  9997 | Lair:4   | Noticed a catoblepas
 10015 | Lair:5   | Entered Level 5 of the Lair of Beasts
 10112 | Lair:5   | Reached skill level 16 in Unarmed Combat
 10189 | Lair:5   | Noticed Urug
 10212 | Lair:5   | Killed Urug
 10226 | Lair:5   | Reached XP level 13. HP: 70/132 MP: 12/12
 10303 | Lair:5   | XOM: swap monsters
 10336 | Lair:5   | Reached skill level 17 in Unarmed Combat
 10694 | Lair:5   | Was forgiven by Xom
 11317 | Lair:4   | Found a staircase to the Slime Pits.
 11318 | Lair:4   | Found a viscous altar of Jiyva.
 11442 | Lair:4   | Reached skill level 18 in Unarmed Combat
 12696 | D:10     | Entered Level 10 of the Dungeon
 12943 | D:10     | Reached skill level 5 in Stealth
 12943 | D:10     | Reached XP level 14. HP: 144/144 MP: 13/13
 13372 | D:11     | Reached ****** piety under Zin
 13904 | D:11     | Noticed kae's ghost (journeyman HOFi)
 13905 | D:11     | Found a runed translucent gate.
 13905 | D:11     | Found an opulent altar of Gozag.
 13907 | D:11     | Found a runed translucent gate.
 13907 | D:11     | Found a runed translucent gate.
 13907 | D:11     | Noticed a tengu reaver
 14547 | D:12     | Found a staircase to the Orcish Mines.
 15187 | D:13     | Reached skill level 19 in Unarmed Combat
 15219 | D:13     | Found Vocehy's Overcharged Wands.
 15276 | D:13     | Noticed Jorgrun
 15289 | D:13     | Killed Jorgrun
 15529 | D:13     | Identified the +3 battleaxe of the Vendetta {elec, Int+4}
 16220 | D:14     | Reached skill level 20 in Unarmed Combat
 16647 | D:14     | Found a gate to the Vaults.
 16647 | D:14     | Noticed an ironbound preserver
 16660 | D:14     | Killed an ironbound preserver
 16706 | D:14     | Reached XP level 15. HP: 95/152 MP: 14/14
 16855 | D:15     | Entered Level 15 of the Dungeon
 17027 | D:15     | Identified the amulet "Iqesel" {RegenMP rN+}
 17782 | D:15     | Found Sinute's CLEARANCE SALE!.
 17934 | D:15     | Found a staircase to the Depths.
 17939 | D:15     | Reached skill level 21 in Unarmed Combat
 18328 | Depths:1 | Entered Level 1 of the Depths
 18559 | Depths:1 | Reached skill level 10 in Dodging
 18749 | Depths:1 | HP: 1/154 [stone giant/large rock (44)]
 18753 | Depths:1 | Found a one-way gateway to a ziggurat.
 18753 | Depths:1 | Noticed a daeva
 18753 | Depths:1 | Identified the +1 tower shield of Boes {Str+3}
 18753 | Depths:1 | Noticed a daeva
 18821 | Depths:1 | Noticed a frost giant
 18830 | Depths:1 | Killed a frost giant
 18923 | Depths:1 | Noticed a fire giant
 18935 | Depths:1 | Killed a fire giant
 19032 | Depths:1 | HP: 2/154 [hell knight/bolt of fire (29)]
 19037 | Depths:1 | Killed from afar by a hell knight

Illustrated notes

Levels and vault maps discovered:
D:1:      orjb1_clovarrival, layout_basic, serial_bayou_pond_c
D:2:      layout_rooms, basic_altar
D:3:      minmay_razor_zed, layout_loops_ring, nicolae_wu_jian_glorious_leap,
          dreamdust_ecumenical_altar_drowned_temple, st_stairs_10, uniq_ijyb,
          uniq_jessica
D:4:      layout_basic, general_overflow_altar, mainiacjoe_overflow_chevrons,
          enter_ossuary_2, serial_shops, nicolae_shop_overgrown_old_shop,
          minmay_manual_mail
D:5:      layout_cave_pools, fedhas_altar_4, nicolae_ru_sacrificial_ziggurat
D:6:      layout_gridville, lemuel_doored_altar,
          nicolae_dithmenos_shadow_blocks, minmay_temple_entry_stoned_glass,
          uniq_blork_the_orc, uniq_edmund
D:7:      layout_rooms, zin_angel, vehumet_statue, serial_shops, shop
D:8:      layout_basic, mainiacjoe_overflow_catwalk, kiku_gazebo_pond_becter,
          elyvilon_altar_1
D:9:      layout_loops_ring, lemuel_crystal_altar,
          mainiacjoe_overflow_tiny_flanked, lair_entry_dummy, serial_shops,
          nicolae_shop_peninsula, uniq_psyche
D:10:     layout_loops_ring, grunt_livestock
D:11:     layout_loops_corners, ebering_ghost_gozag
D:12:     layout_stronghold, erik_orc_4
D:13:     layout_loops_cross, serial_glass, glass_columns_a, glass_columns_b,
          nicolae_shop_overcharged_wands, uniq_jorgrun
D:14:     layout_stronghold, skrybe_vaults_entry_preservation,
          minmay_misc_feat_room
D:15:     grunt_enter_depths_magical_seal, layout_stronghold,
          nicolae_hexahallways, nicolae_shop_clearance
Lair:1:   layout_roguey, columned_hall_lemuel, grunt_forest_small_clearings,
          serial_bayou_ford_a, serial_bayou_pond_d, infiniplex_staircase_pool,
          uniq_harold
Lair:2:   layout_long_grid, nicolae_snake_entry_warm_welcome,
          chequers_serial_rivers_micro_c, serial_bayou_shore_a,
          lemuel_fruit_tree
Lair:3:   layout_cellular_growth, elwin_shoals_entry_rooms
Lair:4:   layout_regular_city, minmay_slime_entry_pillars,
          nicolae_lair_yak_garden, serial_bayou_shore_b
Lair:5:   minmay_lair_end_frog_pond, layout_loops_ring, lemuel_fruit_fields,
          uniq_urug
Depths:1: layout_forbidden_donut, enter_ziggurat_d, grunt_hell_entry_dis_mu,
          minmay_fractal_squares_diagonal_5, serial_bayou_shore_b,
          kennysheep_random_hallway, grunt_megastairs_4

Skill      XL: |  1  2  3  4  5  6  7  8  9 10 11 12 13 14 15 |
---------------+----------------------------------------------+-----
Dodging        | 2 3 4 5 6 7 8 9 10 | 10.2
Fighting       | 3 4 5 6 7 |  7.4
Unarmed Combat | 4 5 7 8 9 11 13 14 16 18 20 21 | 21.9
Stealth        | 1 2 3 4 5 |  5.8
Shields        | 1 3 4 5 6 7 |  7.2
Spellcasting   | |  0.2
Hexes          | |  0.7
Invocations    | |  0.6

Action                     |  1- 3 |  4- 6 |  7- 9 | 10-12 | 13-15 || total
---------------------------+-------+-------+-------+-------+-------++-------
  Melee: Unarmed           |   152 |   210 |   193 |   362 |   886 ||  1803
         Punch             |     4 |     4 |     8 |    34 |   112 ||   162
         Kick              |       |    39 |    51 |   116 |   323 ||   529
   Cast: Slow              |       |       |       |       |     2 ||     2
 Invoke: Recite            |       |       |       |       |     1 ||     1
  Evoke: Wand              |       |       |       |       |     1 ||     1
    Use: Scroll            |       |     7 |     4 |     2 |    14 ||    27
         Potion            |       |       |       |     4 |    10 ||    14
   Stab: Sleeping          |       |     2 |     5 |     6 |    14 ||    27
         Paralysed         |       |     1 |     1 |       |       ||     2
         Distracted        |       |       |       |     1 |     2 ||     3
 Armour: Robe              |    60 |   128 |   135 |   236 |   644 ||  1203
  Dodge: Dodged            |    65 |    66 |   116 |   168 |   381 ||   796
  Block: Other             |       |     9 |    31 |    59 |   106 ||   205

Table legend: (Time is in decaauts)
 A = Elapsed time spent in this place.
 B = Non-inter-level travel time spent in this place.
 C = Inter-level travel time spent in this place.
 D = Time resting spent in this place.
 E = Time spent auto-exploring this place.
 F = Levels seen in this place.
 G = Mean time per level.
                   A        B        C        D        E       F      G
               +--------+--------+--------+--------+--------+-----+--------+
         Total |  18597 |  17351 |   1246 |   1064 |  11898 |  22 |  845.3 |
       Dungeon |  11711 |  10877 |    834 |    353 |   7946 |  15 |  780.7 |
          Lair |   5803 |   5391 |    412 |    552 |   3479 |   5 | 1160.6 |
        Depths |    652 |    652 |      0 |    159 |    261 |   1 |  652.0 |
       Ossuary |    430 |    430 |      0 |      0 |    212 |   1 |  430.0 |
               +--------+--------+--------+--------+--------+-----+--------+

Top non-repeatable levels by time:
    D:15: 1399 daAuts
  Lair:2: 1367 daAuts
  Lair:5: 1220 daAuts
     D:3: 1136 daAuts
  Lair:1: 1122 daAuts
  Lair:4: 1089 daAuts
    D:11: 1079 daAuts
    D:14: 1022 daAuts
  Lair:3: 1003 daAuts
     D:6: 895 daAuts
     D:1: 854 daAuts
     D:4: 771 daAuts
    D:12: 736 daAuts
     D:9: 695 daAuts
Depths:1: 652 daAuts
